Cogmind - Beta 14 @@@ ROGUE MODE // 2024.08.13 @ 22:30:06 Player: Darcyisverycute Result: Destroyed by DAS Turret with DAS Cannon Performance ------------- Evolutions (1) 500 Regions Visited (4) 800 Robots Destroyed (33) 165 Value Destroyed (689) 689 Prototype IDs (7) 140 Alien Tech Used (0) 0 Bonus (219) 219 TOTAL SCORE: 2513 Bonus ------- Aligned with FarCom 300 Friendly Fire -81 Cogmind --------- Core Integrity 0/400 Matter 300/300 Energy 98/100 System Corruption 1% Temperature Cool (0) Movement Core (50) Location -9/Exiles Parts ------- > --- POWER (1) -------- (None) > --- PROPULSION (4) --- (None) > --- UTILITY (2) ------ Cooling System > --- WEAPON (2) ------- (None) > --- INVENTORY (5) ---- Superbattery (950) Energy Filter Peak State ------------ > --- POWER ------------ Cooled Ion Engine > --- PROPULSION ------- Improved Aluminum Leg Improved Aluminum Leg Improved Aluminum Leg Improved Aluminum Leg > --- UTILITY ---------- Cooling System Chronowheel > --- WEAPON ----------- Advanced Beam Cannon Plasma Cannon > --- INVENTORY -------- Nuclear Core Fission Core Fission Core Superbattery Energy Filter [Rating: 35] Favorites ----------- Power Ion Engine Engine Ion Engine Propulsion Improved Aluminum Leg Leg Improved Aluminum Leg Utility Large Storage Unit Device Cooling System Storage Large Storage Unit Processor Core Analyzer Protection Medium Armor Plating Weapon Advanced Beam Cannon Energy Gun Beam Rifle Energy Cannon Advanced Beam Cannon Ballistic Gun Assault Rifle Build | -11 -10 -9 -9 -9 ------- Run | Yrd Mat Mat Min Exi Slots Evolved 2 | . . 2 . . Power . | . . . . . Propulsion 2 | . . 2 . . Utility . | . . . . . Weapon . | . . . . . Parts Attached 34 | 6 3 7 12 6 Power 5 | 1 . 1 2 1 Engine 5 | 1 . 1 2 1 Core . | . . . . . Reactor . | . . . . . Propulsion 9 | 2 . 3 4 . Treads . | . . . . . Leg 9 | 2 . 3 4 . Wheel . | . . . . . Hover . | . . . . . Flight . | . . . . . Utility 12 | 1 1 2 3 5 Device 7 | . 1 . 2 4 Storage 3 | 1 . 1 . 1 Processor 1 | . . . 1 . Hackware . | . . . . . Protection 1 | . . 1 . . Artifact . | . . . . . Weapon 8 | 2 2 1 3 . Energy Gun 3 | . 2 . 1 . Energy Cannon 3 | . . 1 2 . Ballistic Gun 2 | 2 . . . . Ballistic Cannon . | . . . . . Launcher . | . . . . . Special Weapon . | . . . . . Impact Weapon . | . . . . . Slashing Weapon . | . . . . . Piercing Weapon . | . . . . . Special Melee Weapon . | . . . . . Unidentified Prototypes 5 | . . 1 1 3 Parts Lost 6 | . . . . 6 Power 1 | . . . . 1 Propulsion 4 | . . . . 4 Utility . | . . . . . Weapon 1 | . . . . 1 Highest Loss Streak 6 | . . . . 6 To Critical Strikes . | . . . . . Average Slot Usage (%) 97 | . 97 97 96 97 Engine 11 | . 14 11 10 10 Leg 41 | . 28 41 43 43 Device 8 | . 11 3 5 13 Storage 8 | . 14 11 11 3 Processor 1 | . . . . 2 Protection 2 | . . 7 4 . Energy Gun 5 | . 19 11 2 . Energy Cannon 15 | . . 10 17 21 Peak Build Rating 35 | 6 11 18 24 35 Average Rating 19 | 3 10 16 19 24 On Entrance 11 | . 6 11 18 24 Naked Turns . | . . . . . Heaviest Build 39 | 12 16 39 39 39 Greatest Support 52 | 20 20 46 52 52 Greatest Overweight (x) 1 | . . . 1 . Average Overweight (x) . | . . . . . Largest Inventory Capacity 15 | 8 8 15 15 15 Average Capacity 11 | 6 8 14 15 7 Most Carried 15 | 2 8 15 15 15 Average Carried 10 | 1 6 12 14 5 Final Capacity 15 | 8 8 15 15 5 Final Carried 15 | 1 8 15 15 2 Class Distribution -------------------- 100% | Mutant Dominant Class ---------------- Mutant | -10/Materials Mutant | -9/Materials Mutant | -9/Mines Mutant | -9/Exiles Resources | -11 -10 -9 -9 -9 ----------- Run | Yrd Mat Mat Min Exi Matter Collected 528 | 196 102 60 70 100 Remotely . | . . . . . Salvage Created 1036 | . 288 480 268 . Parts 76 | . 14 31 31 . Haulers Intercepted 3 | . . 3 . . Recyclers Shooed . | . . . . . Parts Field Recycled . | . . . . . Retrieved Matter . | . . . . . Parts Self-Destructed . | . . . . . Prevented . | . . . . . Kills | -11 -10 -9 -9 -9 ------- Run | Yrd Mat Mat Min Exi Combat Hostiles Destroyed 24 | . 5 6 13 . Guns 8 | . 5 2 1 . Cannons 14 | . . 4 10 . AOE 2 | . . . 2 . Classes Destroyed 9 | . 5 3 1 . Worker 1 | . 1 . . . Hauler 3 | . . 3 . . Recycler 1 | . 1 . . . Operator 1 | . . 1 . . Watcher 3 | . 2 1 . . Swarmer 12 | . 2 . 10 . Grunt 10 | . 3 5 2 . Duelist 1 | . . . 1 . Sentry 1 | . . 1 . . Best Kill Streak 6 | . 4 3 6 . Combat Bots Only 5 | . 2 2 5 . Max Kills in Single Turn 2 | . 2 1 2 . Gunslinging 1 | . 1 . . . Exploded 2 | . . . 2 . Melee . | . . . . . Uniques/NPCs Destroyed . | . . . . . Combat | -11 -10 -9 -9 -9 -------- Run | Yrd Mat Mat Min Exi Hostile Shots Fired 120 | . 13 35 42 30 Missed 41 | . 7 11 18 5 Damage Taken 1470 | . 140 341 263 726 Core 407 | . . 100 29 278 Absorbed by Shields . | . . . . . Core Remaining (%) 100 | 100 100 . . . Volleys Fired 59 | . 11 28 18 2 Largest 2 | . 2 2 2 2 Hottest 148 | . 112 124 136 148 Shots Fired 118 | . 22 56 36 4 Gun 54 | . 22 28 4 . Cannon 64 | . . 28 32 4 Launcher . | . . . . . Special . | . . . . . Kinetic 6 | . 6 . . . Thermal 108 | . 16 56 32 4 Explosive . | . . . . . Electromagnetic 4 | . . . 4 . Robot Hit Streak 8 | . 4 8 5 3 Robot Miss Streak 4 | . 2 4 3 1 Penetration Max . | . . . . . Secondary Targets 1 | . 1 . . . Max Gunslinging Chain 1 | . 1 . . . Shots Hit Robots 69 | . 13 34 19 3 Core Hits 37 | . 8 12 17 . Critical Kills . | . . . . . Critical Parts Destroyed . | . . . . . Critical Strikes 3 | . 2 1 . . Burn 3 | . 2 1 . . Melee Attacks . | . . . . . Impact . | . . . . . Slashing . | . . . . . Piercing . | . . . . . Sneak Attacks . | . . . . . Combat Hostiles . | . . . . . Follow-up Attacks . | . . . . . Damage Inflicted 1497 | . 347 601 476 73 Guns 447 | . 186 231 30 . Cannons 811 | . . 370 368 73 Explosions 239 | . 161 . 78 . Melee . | . . . . . Ramming . | . . . . . Kinetic 26 | . 26 . . . Thermal 1342 | . 222 601 446 73 Explosive 99 | . 99 . . . Electromagnetic 30 | . . . 30 . Impact . | . . . . . Slashing . | . . . . . Piercing . | . . . . . Highest Corruption . | . . . . . Average Corruption . | . . . . . Corruption Purged . | . . . . . Corruption Blocked . | . . . . . Overload Shots . | . . . . . Overflow Damage 73 | . 51 11 11 . Projectiles 22 | . . 11 11 . Explosions 51 | . 51 . . . Melee . | . . . . . Knockbacks . | . . . . . Impact . | . . . . . Kinetic . | . . . . . Secondary . | . . . . . Self-Inflicted Damage 100 | . 72 . 28 . Shots 2 | . 1 . 1 . Rammed . | . . . . . Targets Rammed . | . . . . . Kicked . | . . . . . Crushed . | . . . . . Highest Temperature 387 | . 1 378 387 6 Average Temperature 112 | . 1 103 155 3 Received Heat Transfer 195 | . 30 153 12 . Effects 1 | . . 1 . . Energy Bleed 1 | . . 1 . . Siege Activations . | . . . . . Robots Corrupted . | . . . . . Combat Hostiles . | . . . . . Parts Fried . | . . . . . Impact Corruptions . | . . . . . Robots Melted . | . . . . . Combat Hostiles . | . . . . . Parts Melted 6 | . 1 5 . . Heat Transferred 2790 | . 605 1332 716 137 Parts Sabotaged . | . . . . . Parts Stolen . | . . . . . Parts Stripped . | . . . . . Power Chain Reactions 1 | . . . 1 . Alert | -11 -10 -9 -9 -9 ------- Run | Yrd Mat Mat Min Exi Peak Influence 295 | . 254 283 295 . Initial 66 | . . 66 48 . Average 153 | . 138 169 158 . Maximum Alert Level 1 | . 1 1 1 . Low Security (%) 74 | 100 73 63 79 . Level 1 25 | . 26 36 20 . Level 2 . | . . . . . Level 3 . | . . . . . Level 4 . | . . . . . Level 5 . | . . . . . High Security . | . . . . . Max Security . | . . . . . Squads Dispatched 4 | . 2 2 . . Investigation 1 | . 1 . . . Extermination . | . . . . . Reinforcement 3 | . 1 2 . . Assault . | . . . . . Garrison . | . . . . . Intercept . | . . . . . Searches Triggered . | . . . . . Construction Impeded . | . . . . . Haulers Reinforced . | . . . . . Active Scanning Responses . | . . . . . Cargo Convoy Interrupts . | . . . . . Stealth | -11 -10 -9 -9 -9 --------- Run | Yrd Mat Mat Min Exi Distress Signals 1 | . . 1 . . Communications Jammed . | . . . . . Distress Signals . | . . . . . Times Spotted 35 | . 8 12 13 2 Peak Tracking Total 7 | . 3 5 4 7 Tactical Retreats . | . . . . . Traps | -11 -10 -9 -9 -9 ------- Run | Yrd Mat Mat Min Exi Traps Triggered 2 | . . . 2 . Indirectly . | . . . . . Trap Hack Attempts . | . . . . . Triggered . | . . . . . Disarmed . | . . . . . Reprogrammed . | . . . . . Reused . | . . . . . Traps Extracted . | . . . . . Installed . | . . . . . Triggered . | . . . . . Machines | -11 -10 -9 -9 -9 ---------- Run | Yrd Mat Mat Min Exi Machines Disabled 7 | . 6 1 . . Max in Single Turn 5 | . 5 1 . . Machines Repaired . | . . . . . Machines Dismantled . | . . . . . Machines Sabotaged . | . . . . . Overloaded Fab Kills . | . . . . . Hacking | -11 -10 -9 -9 -9 --------- Run | Yrd Mat Mat Min Exi Machines Accessed 6 | . 4 1 1 . Terminals 5 | . 4 1 . . Fabricators . | . . . . . Repair Stations . | . . . . . Recycling Units . | . . . . . Scanalyzers . | . . . . . Garrison Access . | . . . . . Total Hacks 14 | . 11 2 1 . Successful 7 | . 6 . 1 . Failed 7 | . 5 2 . . Catastrophic . | . . . . . Database Lockouts . | . . . . . Manual 13 | . 10 2 . 1 Terminals 13 | . 11 2 . . Fabricators . | . . . . . Repair Stations . | . . . . . Recycling Units . | . . . . . Scanalyzers . | . . . . . Garrison Access . | . . . . . Terminal Hacks 5 | . 4 . 1 . Prototype ID Bank 1 | . 1 . . . Open Door 1 | . . . 1 . Terminal Index 1 | . 1 . . . Unreport Threat 1 | . 1 . . . Transport Status 1 | . 1 . . . Fabricator Hacks . | . . . . . Repair Station Hacks . | . . . . . Recycling Unit Hacks . | . . . . . Scanalyzer . | . . . . . Garrison Access Hacks . | . . . . . Unauthorized Hacks 2 | . 2 . . . Terminals 2 | . 2 . . . Botnet 2 | . 2 . . . Fabricators . | . . . . . Repair Stations . | . . . . . Recycling Units . | . . . . . Scanalyzers . | . . . . . Garrison Access . | . . . . . Data Cores Recovered . | . . . . . Used . | . . . . . Hacking Detections 5 | . 4 1 . . Full Trace Events 1 | . 1 . . . Feedback Events . | . . . . . Feedback Blocked . | . . . . . Robot Schematics Acquired . | . . . . . Robots Built . | . . . . . Authchips . | . . . . . Time . | . . . . . Total Robot Build Rating . | . . . . . Part Schematics Acquired . | . . . . . Parts Built . | . . . . . Authchips . | . . . . . Time . | . . . . . Total Part Build Rating . | . . . . . Parts Repaired . | . . . . . Time . | . . . . . Parts Recycled . | . . . . . Recycled Matter . | . . . . . Retrieved Matter . | . . . . . Retrieved Components . | . . . . . Parts Scanalyzed . | . . . . . Part Schematics Acquired . | . . . . . Parts Damaged . | . . . . . Bothacking | -11 -10 -9 -9 -9 ------------ Run | Yrd Mat Mat Min Exi Used RIF Installer . | . . . . . Robots Hacked . | . . . . . Non-combat . | . . . . . Combat . | . . . . . Robot Hacks Applied . | . . . . . Relay Couplers Released . | . . . . . Fabnet Peak Effective % . | . . . . . Robots Rewired . | . . . . . Allies Hacked . | . . . . . Hacks Repelled . | . . . . . Allies | -11 -10 -9 -9 -9 -------- Run | Yrd Mat Mat Min Exi Total Allies . | . . . . . Largest Group . | . . . . . Highest-Rated Group . | . . . . . Highest-Rated Ally . | . . . . . Total Orders 1 | . . . . 1 RETURN 1 | . . . . 1 Ally Attacks . | . . . . . Total Damage . | . . . . . Kills . | . . . . . Allies Corrupted . | . . . . . Allies Melted . | . . . . . Intel | -11 -10 -9 -9 -9 ------- Run | Yrd Mat Mat Min Exi Robot Analysis Total . | . . . . . Derelict Logs Recovered 2 | . . . 2 . Drone Launches 1 | . . . . 1 Drone Recoveries 1 | . . . . 1 Exploration | -11 -10 -9 -9 -9 ------------- Run | Yrd Mat Mat Min Exi Turns Passed 2269 | 46 233 479 697 814 Spaces Moved 1590 | 36 150 284 504 616 Core 14 | 10 . . . 4 Treads . | . . . . . Legs 1576 | 26 150 284 504 612 Wheels . | . . . . . Hover . | . . . . . Flight . | . . . . . Fastest Speed 50 | 50 120 120 120 50 Average Speed 119 | 100 120 120 120 119 Slowest Speed 190 | 120 120 120 190 120 Overloaded Moves . | . . . . . Propulsion Burnouts . | . . . . . Robots Hopped . | . . . . . Cave-ins Triggered . | . . . . . Exploration Rate (%) 47 | 3 44 31 94 66 Regions Visited 4 Branch Regions 2 Pre-discovered Areas 1 | . . . 1 . Known Exits Taken . | . . . . . Unknown Exits Taken 4 | 1 1 1 1 . Scrap Searched 2 | . . . 2 . Spaces Dug . | . . . . . Terrain Destroyed 41 | . 39 . 2 . Melee . | . . . . . Projectile . | . . . . . AOE 41 | . 39 . 2 . Terrain Rammed . | . . . . . Walls Destroyed . | . . . . . Machines Disabled . | . . . . . Actions | -11 -10 -9 -9 -9 --------- Run | Yrd Mat Mat Min Exi Total 1849 | 43 181 365 560 700 Wait 88 | . 8 29 4 47 Move 1586 | 35 149 283 503 616 Hop . | . . . . . Pick Up 36 | 2 9 12 8 5 Fast Attach 17 | 5 . 3 6 3 Attach 8 | 1 2 . 3 2 Detach 8 | . . . 4 4 Swap 9 | . 1 4 3 1 Drop 38 | . 1 6 11 20 Fire 59 | . 11 28 18 2 Melee . | . . . . . Ram . | . . . . . Kick . | . . . . . Crush . | . . . . . Escape Stasis . | . . . . . Rewire . | . . . . . Trap . | . . . . . Miscellaneous . | . . . . . Route ------- -11/Scrapyard -10/Materials -9/Materials (discovered 2 exits: [*Mat] / *Min) -9/Mines (discovered 3 exits: [*Mat x2] / *Exi) -9/Exiles History --------- Turn | Location | Event 9 | -11/Scrapyard | Discovered new exit (range 16) 47 | -11/Scrapyard | Entered Materials 248 | -10/Materials | Discovered new exit (range 8) 280 | -10/Materials | Entered another Materials area 280 | -9/Materials | Evolved 2 slots: Propulsion x2 367 | -9/Materials | Build established: Mutant 524 | -9/Materials | Discovered new exit (range 16) 726 | -9/Materials | Discovered new exit (range 8) 759 | -9/Materials | Entered Mines 874 | -9/Mines | Discovered new exit (range 7) 895 | -9/Mines | Joined a pair of Derelicts in attacking an 0b10 outpost 1054 | -9/Mines | Learned 2 Materials zone layouts 1071 | -9/Mines | Learned location of Zion (-6) 1135 | -9/Mines | Discovered new exit (range 4) 1368 | -9/Mines | Met a Derelict who couldn't figure out how to use a Trap Extractor 1451 | -9/Mines | Deemed a non-threat by the Exiles lab entrance 1451 | -9/Mines | Discovered new exit (range 5) 1456 | -9/Mines | Entered Exiles 1485 | -9/Exiles | Met 8R-AWN 1504 | -9/Exiles | Met EX-HEX 1551 | -9/Exiles | Met EX-BIN 1621 | -9/Exiles | Met EX-DEC 2065 | -9/Exiles | Aligned with FarCom system 2066 | -9/Exiles | Given EX-Vault access code 2097 | -9/Exiles | Opened EX-Vault 2105 | -9/Exiles | Found Prototype Storage 2105 | -9/Exiles | Identified Superbattery 2157 | -9/Exiles | Found Prototype Device 2157 | -9/Exiles | Identified Chronowheel 2157 | -9/Exiles | Activated Chronowheel 2161 | -9/Exiles | Found Prototype Device 2161 | -9/Exiles | Identified Supersonic Drone Bay 2191 | -9/Exiles | Warned to stay clear of 0b10 Research branches 2198 | -9/Exiles | Exiles lab attacked by MAIN.C 2259 | -9/Exiles | Attacked by the Exiles 2266 | -9/Exiles | Core integrity fell below 50% 2270 | -9/Exiles | Core integrity fell below 20% 2270 | -9/Exiles | Destroyed by DAS Turret with DAS Cannon Last Messages --------------- 02260_ Penetrated by HV Slug. 02261_ EX-DEC: "Let's see what this bad boy can do..." 02261_ EX-DEC deploys DAS Turret. 02261_ EX-BIN: "I just want to science!" 02261_ Imp. Aluminum Leg destroyed. 02261_ Dropped Rigged Nuclear Core. 02261_ Dropped Rigged Fission Core. 02264_ Penetrated by HV Slug. 02264_ Cld. Ion Engine destroyed. 02264_ Penetrated by HV Slug. 02266_ Imp. Aluminum Leg destroyed. 02266_ Adv. Beam Cannon blasted off. 02267_ Rigged Nuclear Core explodes. 02267_ Machine disabled. 02267_ Dropped Rigged Fission Core. 02267_ Penetrated by HV Slug. 02268_ Rigged Fission Core explodes. 02268_ Imp. Aluminum Leg destroyed. 02268_ Plasma Cannon destroyed. 02268_ Knocked back. Map ----- +----------------------------------------------------+ | ?????????????????????????????????????????????????? | | ?????????????????????????????????????????????????? | | ?????????????????????????????????????????????????? | | ?????????????????????????????????????????????????? | | ?????????????????????????????????????????????????? | | ?????????????????????????????????????????????????? | | ?????????????????????????????????????????????????? | | ?????????????????????????????????????????????????? | | ?????????????????????????????????????????????????? | | ?????????????????????????????????????????????????? | | ?????????????????????????????????????????????????? | | ?????????????????????????????????????????????????? | | ?????????????????????????????????????????????????? | | ?????????????????????????????????????????????????? | | ?????????????????????????????????????????????????? | | ?????????????? ??????????????????????????????????? | | ????????????? ??????????????#######????????????? | | ????????????? ######???????#!!! "#????????????? | | ???????????? #""#??????# "#????????????? | | ????????????? ??????# "#????????????? | | ?????????????#" #????## ""#????????????? | | ?????????????"" #####" ""#????????????? | | ???????????????# t ##" ""#????????????" | | ????????????????# #"" #??????????????" | | ???????????????????# #?????????????"" | | ??????????????????????# @ % %##????????????"" | | ??????????????????????### ! * ! "#???????????? | | ????????????????########" ###???????????" | | ????????????????# !!""""" [% ##??????????# | | ????????????????#! ]!*! "; ######???### | | ????????????????#! [/!! "# ;; c """#####X# | | ????????????????#! [! #####" | | ????????????????# !""""""###???#"# | | ????????????????##########?????#### | | ??????????????????????????????????### | | ????????????????????????????????????### | | ??????????????????????????????????????## | | ???????????????????????????????????????## | | ????????????????????????????????????????##" | | ?????????????????????????????????????????#""" | | ????????????????????????????????????????##" | | ????????????????????????????????????????#"" | | ????????????????????????????????????????#""" | | ???????????????????????????????????????#""" | | ???????????????????????????????????????#""" | | ???????????????????????????????????????#"" | | ???????????????????????????????????????#""" | | ???????????????????????????????????????#"" | | ???????????????????????????????????????##"" | | ????????????????????????????????????????#"""" | +----------------------------------------------------+ Best States ------------- Heat Dissipation 50 Energy Generation 14 Energy Capacity 1780 Matter Stores 300 Matter Capacity 300 Sight Range 16 Terrain Scan Density 10 Armor Coverage 225 Evasion (%) 55 Core Analysis 6 Energy Filtering 30 Trap Extractor Capacity 6 Item Schematics ----------------- None Robot Schematics ------------------ None Fabricated ------------ Nothing Alien Tech Used ----------------- None Achievements -------------- None Challenges ------------ None Game ------ Seed GravitonAblativeTerrabomb Manual? 0 Play Time 00:31:35 Cumulative 66.5 hours Start 2024.08.13 @ 21:42:10 End 2024.08.13 @ 22:30:06 Sessions 1 Manual Loads 0 Difficulty Rogue Special Mode None Game No. 35 Rogue 27 Adventurer 8 Explorer 0 Win Type - Total 1 Types 1/0/0/0/0/0/0/0/0 Lore% 25 Gallery% 45 Achievement% 41 Wizard Run 0 Options --------- Layout 0 ASCII 0 Keyboard 1 Movement Numpad Keybinds 1 Fullscreen 1 Font 18/SmallcapsGlow Map View 76x50 Zoom Use 2% Tactical HUD 1 Map Filters NONE Filters NONE Steam 1 RUN: b16ace7e-e251-4f99-a4a4-54a989204889